 BcadrenCrawl: Boulder Brew version 0.06-720-g033fe3496d (webtiles) character file.

Game seed: 13161409950427475465

1403 Leeroy the Black Draconian Unifier (level 8, 0/99 HPs) Black Draconian Priest. Began on Feb 11, 2023. Was an Elder of Bahamut & Tiamat. Slain by a sewer rat (4 damage) ... on level 2 of the Dungeon. The game lasted 00:07:40 (4452 turns).

Leeroy the Black Draconian Unifier (DrPr)           Turns: 4452, Time: 00:07:42

Health: 0/99       AC:  8    Str: 13    XL:     8 ^: 793
Magic:  6/13       EV:  8    Int: 12    God:    Bahamut & Tiamat [4* [112]]
Gold:   120        SH:  0    Dex: 15    Spells: 7/7 levels left

rFire    . . .     Slash    +     - Unarmed
rCold    . . .     Pierce   x     - Unarmed
rNeg     . . .     Bludgeon .   (armour unavailable)
rCorr    . . .     Vision   .   (helmet restricted)
rPois    .         Gourm    .   (no cloak)
rElec    .         Faith    .   f - +0 pair of gloves
MR       .....     Spirit   .   (no boots)
HPRegen  0.43/turn Reflect  .   (no amulet)
MPRegen  0.23/turn Harm     .   (no ring)
Stlth    +++++.....             (no ring)

@: drake mount, short of breath, flying, quick
A: deformed body 2, cold-blooded, necromancy enhancer 1, Stlth+++, draconic
flesh, AC +7
a: Breathe Negative Energy, Dismount, Adaptive Breath, Drake Mount, Renounce
Religion


You were on level 2 of the Dungeon.
You worshipped Bahamut & Tiamat.
Bahamut & Tiamat was greatly pleased with you.
You were hungry.

You visited 1 branch of the dungeon, and saw 2 of its levels.
You also visited: Temple.

You collected 120 gold pieces.

Inventory:

Weapons
 n - a +2 dagger of venom
Armour
 f - a +0 pair of gloves (worn)
Jewellery
 d - a cursed ring of fire {(Curse: Slay-4)}
 i - an uncursed ring of dexterity
 k - an uncursed ring of stealth
 l - a cursed ring of fire {(Curse: *Drain)}
 m - an uncursed ring of poison resistance
 o - a cursed ring of fire {(Curse: MR-)}
 r - an uncursed ring of resist corrosion
Scrolls
 b - a scroll of immolation
 c - a scroll of teleportation
 h - 3 scrolls of enchantment
 j - 3 scrolls of blinking
 p - a scroll of magic mapping
 q - a scroll of bless item
Potions
 e - a potion of heal wounds
 g - a potion of ambrosia
Comestibles
 a - 4 rations
 s - 2 chunks of flesh


   Skills:
 - Level 7.3 Fighting
 - Level 3.2 Short Blades
 - Level 1.5 Dodging
 - Level 1.4 Stealth
 * Level 4.8 Unarmed Combat
 - Level 7.4 Invocations


You had 7 spell levels left.
You didn't know any spells.
Your spell library was empty.

Dungeon Overview and Level Annotations

Branches:
Dungeon (2/8)

Altars:
Kikubaaqudgha


Innate Abilities, Weirdness & Mutations

Your shadowy dark scales are resilient. (AC +7)
You can breathe bolts of negative energy.
You cannot wear any armour on your peculiar form.
You are cold-blooded and are slowed more easily by cold attacks.
You are in touch with the powers of death.
Your shadowy dark scales make you much more stealthy. (Stealth++)
Your scales resist being cut, but it's oddly easy to stick a small blade between them. (rSlashing+, rPiercing-)


Message History

You are feeling hungry.
The crocodile bites you (10)!
You are perforated ruthlessly!
* * * LOW HITPOINT WARNING * * *
You hit the crocodile (4). x2
You kill the crocodile!
Bahamut & Tiamat accept your kill.
You hear a splash.
Unknown command.
The sewer rat bites you (1).
You are perforated ruthlessly!
* * * LOW HITPOINT WARNING * * *
Are you sure you wish to pick this ability?
Your choice is permanent.
You may now call upon Bahamut to summon a rime drake mount for you.
The sewer rat closely misses you.
You summon a rime drake and ride upon its back.
You feel quite a bit more hungry.
The sewer rat bites your rime drake (5).
The sewer rat bites you (6).
You are perforated ruthlessly!
* * * LOW HITPOINT WARNING * * *
The sewer rat bites you (4).
You are perforated ruthlessly!
You die...

......≈...≈....≈≈≈≈≈≈..≈......<#.
......#≈≈.≈..#.b≈≈≈≈bP#.≈..÷..≈##
.....##≈######b...≈≈########...≈#
...≈######≈.##≈.....#≈≈.b..#.....
#..##≈≈##≈≈≈.#......#≈..≈..#≈...≈
####...≈#≈.≈≈...........≈≈.#.....
..≈.....#≈≈≈################≈....
........#.≈≈≈≈≈≈rrr≈≈≈≈.≈###.....
†...b...#;.≈÷÷.≈@rrrK≈≈≈≈≈##.]..#
†......≈#######..####..≈≈≈##....#
....b....≈≈...#### .≈≈≈≈#...÷#
.............≈.≈# ##≈≈#≈...#
..........≈###### ≈#...≈.
.....≈.≈.≈## #≈.... ###########
######


You could see a big kobold, 6 submerged sewer rats and a neutral slimehead
(wandering) (passive).

Vanquished Creatures
  A water moccasin (D:2)
  2 crocodiles (D:2)
  2 big kobolds (D:2)
  10 jellies (D:2)
  A merfolk siren (D:2)
  7 giant cockroaches
  4 adders
  42 sewer rats
  10 cinder newts
  An ooze (D:2)
  2 worms (D:2)
  A bullfrog (D:2)
  2 dart slugs (D:1)
  4 leopard geckos
  2 adder skeletons (D:2)
  7 bats
  A cinder newt skeleton (D:2)
  3 goblins (D:1)
  4 hobgoblins (D:1)
  8 kobolds
  6 ball pythons
  3 bat skeletons (D:2)
  A hobgoblin skeleton (D:2)
  A kobold skeleton (D:2)
  6 rats (D:1)
  3 jellyfish (D:1)
134 creatures vanquished.

Vanquished Creatures (others)
  A kobold (D:2)
  A rat skeleton (D:2)
  3 slimeheads (D:2)
  83 withered plants (D:2)
88 creatures vanquished.

Grand Total: 222 creatures vanquished

Notes
Turn   | Place    | Note
-------+----------+-------------------------------------------
     0 | Start Te | Leeroy the Immature Draconian Priest began the quest for
                  | the Orb.
     0 | Start Te | Reached XP level 1. HP: 29/29 MP: 3/3
     0 | Start Te | Found a sparkling altar of Nemelex Xobeh.
     1 | Start Te | Found a basalt altar of Yredelemnul.
     1 | Start Te | Found a white marble altar of Elyvilon.
     2 | Start Te | Found an iron altar of Okawaru.
     3 | Start Te | Found a glowing silver altar of Zin.
     3 | Start Te | Found a blossoming altar of Fedhas.
     4 | Start Te | Found a stormy altar of Qazlal.
     5 | Start Te | Found a glowing golden altar of the Shining One.
     5 | Start Te | Found an opulent altar of Gozag.
     6 | Start Te | Found a sacrificial altar of Ru.
     7 | Start Te | Found an ornate altar of Bahamut and Tiamat.
     7 | Start Te | Found a hazy altar of Hepliaklqana.
    17 | Start Te | Became a worshipper of Bahamut & Tiamat
    17 | Start Te | Reached * piety under Bahamut & Tiamat
    17 | Start Te | Reached ** piety under Bahamut & Tiamat
   339 | D:1      | Reached XP level 2. HP: 39/39 MP: 5/5
   571 | D:1      | Reached XP level 3. HP: 43/49 MP: 6/6
   648 | D:1      | Reached skill level 1 in Fighting
   655 | D:1      | Reached XP level 4. HP: 55/59 MP: 7/7
   736 | D:1      | Reached *** piety under Bahamut & Tiamat
  1332 | D:1      | Reached XP level 5. HP: 24/69 MP: 8/8
  1878 | D:2      | Reached skill level 5 in Fighting
  1979 | D:2      | Reached XP level 6. HP: 60/79 MP: 9/9
  2271 | D:2      | Your scales start taking on a shadowy dark colour.
  2271 | D:2      | Reached XP level 7. HP: 81/89 MP: 10/10
  2271 | D:2      | Gained mutation: Your shadowy dark scales make you much
                  | more stealthy. (Stealth++) [Black Draconian growth]
  2271 | D:2      | Gained mutation: You are in touch with the powers of death.
                  | [Black Draconian growth]
  2333 | D:2      | Reached skill level 5 in Invocations
  2520 | D:2      | Reached skill level 1 in Short Blades
  2886 | D:2      | Reached **** piety under Bahamut & Tiamat
  3246 | D:2      | Found an ancient bone altar of Kikubaaqudgha.
  3494 | D:2      | Reached XP level 8. HP: 14/99 MP: 12/12
  4172 | D:2      | Reached ***** piety under Bahamut & Tiamat
  4452 | D:2      | HP: 4/99 [sewer rat (6)]
  4452 | D:2      | Slain by a sewer rat

Illustrated notes

Levels and vault maps discovered:
D:1:      nicolae_arrival_washed_ashore, layout_basic
D:2:      layout_sewer, kennysheep_mini, st_hidden_mermaid, feat_on_display

Skill      XL: |  1  2  3  4  5  6  7  8 |
---------------+-------------------------+-----
Unarmed Combat | 3 4 |  4.8
Fighting       | 1 3 5 7 |  7.3
Invocations    | 6 7 |  7.4
Short Blades   | 2 3 |  3.2
Dodging        | |  1.5
Stealth        | |  1.4

Action                   |  1- 3 |  4- 6 |  7- 9 || total
-------------------------+-------+-------+-------++-------
Melee: Unarmed           |   194 |   266 |   634 ||  1094
       Peck              |     7 |    19 |    57 ||    83
Invok: Choose Bahamut's  |     1 |       |       ||     1
       Choose Tiamat's A |     1 |       |       ||     1
       Adaptive Breath   |       |     2 |       ||     2
       Choose Bahamut's  |       |       |     1 ||     1
       Drake Mount       |       |       |     1 ||     1
 Abil: Breathe Negative  |       |       |     2 ||     2
  Use: Potion            |       |     1 |       ||     1
 Stab: Sleeping          |     3 |     4 |     4 ||    11
       Confused          |       |     1 |       ||     1
  Eat: Chunk             |       |     5 |     5 ||    10
       Ration            |       |       |     1 ||     1
Armor: Skin              |    41 |    34 |    79 ||   154
Dodge: Dodged            |    27 |    26 |    76 ||   129
